 Dungeon Crawl Stone Soup version 0.23.0-3-gf3c87f2 (webtiles) character file.

Game seed: 5983763825028976496

4547 nuthulu the Cleaver (level 10, -6/90 HPs)
             Began as a Minotaur Berserker on Feb 24, 2019.
             Was an Elder of Trog.
             Mangled by Grum
             ... wielding a -2 glaive
              (23 damage)
             ... on level 8 of the Dungeon.
             The game lasted 00:14:46 (7843 turns).

nuthulu the Cleaver (Minotaur Berserker)            Turns: 7843, Time: 00:14:47

Health: -6/90      AC: 14    Str: 25    XL:     10   Next: 17%
Magic:  9/9        EV: 11    Int:  4    God:    Trog [****..]
Gold:   628        SH:  0    Dex: 10    Spells: 9/9 levels left

rFire    . . .     SeeInvis .   s - +5 war axe (chop)
rCold    . . .     Gourm    .   (no shield)
rNeg     . . .     Faith    .   g - +0 chain mail
rPois    +         Spirit   .   (helmet restricted)
rElec    .         Reflect  .   v - +0 cloak
rCorr    .         Harm     .   r - +1 pair of gloves
MR       +++..                  (no boots)
Stlth    ..........             (no amulet)
HPRegen  1.25/turn              q - ring of protection from magic
MPRegen  0.11/turn              f - ring of poison resistance

@: regenerating
A: retaliatory headbutt, horns 2
a: Berserk, Trog's Hand, Brothers in Arms, Renounce Religion


You were on level 8 of the Dungeon.
You worshipped Trog.
Trog was greatly pleased with you.
You were not hungry.

You visited 2 branches of the dungeon, and saw 9 of its levels.
You also visited: Sewer.

You collected 628 gold pieces.

Inventory:

Hand Weapons
 a - a +0 hand axe
 s - a +5 war axe of chopping (weapon)
Armour
 b - a +1 animal skin
 g - a +0 chain mail (worn)
 r - a +1 pair of gloves (worn)
 v - a +0 cloak (worn)
Jewellery
 f - a ring of poison resistance (right hand)
 i - a +4 ring of strength
 l - an uncursed ring of see invisible
 q - a ring of protection from magic (left hand)
Wands
 p - a wand of iceblast (22)
 x - a wand of polymorph (5)
Scrolls
 j - 5 scrolls of remove curse
 m - 4 scrolls of teleportation
 o - a scroll of fear
 u - a scroll of summoning {unknown}
Potions
 d - 3 potions of curing
 e - 2 potions of flight
 h - 3 potions of haste
 k - a potion of magic
 n - a potion of agility
 t - a potion of heal wounds {unknown}
 w - a potion of brilliance {unknown}
Comestibles
 c - 11 rations
 z - 2 chunks of flesh


   Skills:
 + Level 8.8 Fighting
 * Level 11.6 Axes
 + Level 8.4 Armour
 + Level 7.6 Dodging


You had 9 spell levels left.
You didn't know any spells.
Your spell library was empty.

Dungeon Overview and Level Annotations

Branches:
Dungeon (8/15)             Temple (1/1) D:7
   Lair: D:8-11

Altars:
Ashenzari
Dithmenos
Elyvilon
Gozag
Hepliaklqana
Kikubaaqudgha
Makhleb
Nemelex Xobeh
Okawaru
Qazlal
Ru
Sif Muna
Uskayaw
Vehumet
Wu Jian
Yredelemnul
Zin

Shops:
D:7 =

Annotations:
D:8 Grum


Innate Abilities, Weirdness & Mutations

You reflexively headbutt those who attack you in melee.
You have a pair of horns on your head.


Message History

You barely miss Grum.
Grum is lightly wounded.
Grum hits you with a -2 glaive!! Grum closely misses you.
You furiously retaliate!
You headbutt Grum! You slash Grum! You headbutt Grum.
Grum is heavily wounded.
Grum hits you with a -2 glaive!!
Your skin crawls.
You feel resistant to hostile enchantments.
You feel somewhat more hungry. Grum closely misses you.
You hit Grum. You headbutt Grum!
Grum is severely wounded.
Grum closely misses you.
You slash Grum!
Grum is severely wounded.
Grum hits you with a -2 glaive!!
* * * LOW HITPOINT WARNING * * *
Unknown command.
Grum hits you with a -2 glaive!!
You die...

.. .. ..##.## .......
.......## ........#
........## .......†.#
..#...†g##### .#
#..##@....# .#
............# ..
...........## # ...#
.##........# ......
##......### ##.......#
#.........#
.........###.....<...#
.....................#
.....................#


You could see Grum (berserk).

Vanquished Creatures
  Maurice (D:8)
  Grinder (D:6)
  Prince Ribbit (D:6)
  A hippogriff (D:7)
  Duvessa (D:6)
  3 sky beasts
  A black bear (D:7)
  4 ice beasts
  10 ogres
  3 wolves (D:8)
  3 centaurs (D:7)
  A big kobold (D:8)
  4 bullfrogs
  Dowan (D:6)
  A wyvern zombie (D:6)
  A scorpion (D:8)
  3 howler monkeys
  4 bullfrog zombies
  2 crimson imps (D:5)
  A quasit (D:8)
  A jelly (D:5)
  2 bullfrog skeletons
  2 hounds
  3 orc wizards
  6 worker ants
  A worker ant zombie (D:8)
  A howler monkey skeleton (D:4)
  11 adders
  A shadow imp (D:6)
  2 adder zombies
  2 oozes
  An adder skeleton (D:8)
  3 worms
  10 leopard geckos
  8 orcs
  18 giant cockroaches
  6 hobgoblins
  12 jackals
  5 kobolds
  5 quokkas
  3 ball pythons
  8 bats
  14 frilled lizards
  8 goblins
  A jackal skeleton (D:7)
  A leopard gecko skeleton (D:5)
  9 rats
  A plant (D:1)
192 creatures vanquished.

Notes
Turn   | Place    | Note
-------+----------+-------------------------------------------
     0 | D:1      | nuthulu the Minotaur Berserker began the quest for the Orb.
     0 | D:1      | Reached XP level 1. HP: 19/19 MP: 0/0
   170 | D:1      | Reached XP level 2. HP: 27/27 MP: 1/1
   171 | D:1      | Reached skill level 4 in Axes
   696 | D:1      | Reached XP level 3. HP: 29/33 MP: 2/2
   913 | D:1      | Reached ** piety under Trog
  1578 | D:2      | Found a sacrificial altar of Ru.
  1806 | D:2      | Found a white marble altar of Elyvilon.
  1898 | D:2      | Reached XP level 4. HP: 38/40 MP: 3/3
  1924 | D:2      | Found a faded altar of an unknown god.
  2112 | D:3      | Found a glowing drain.
  2142 | Sewer    | Entered a sewer
  2245 | Sewer    | Reached skill level 5 in Axes
  2399 | Sewer    | Reached *** piety under Trog
  2463 | Sewer    | Noticed a bullfrog
  2464 | Sewer    | Noticed a bullfrog
  2473 | Sewer    | Killed a bullfrog
  2473 | Sewer    | Reached XP level 5. HP: 27/47 MP: 4/4
  2876 | D:3      | Found an iron altar of Okawaru.
  3227 | D:3      | Found a basalt altar of Yredelemnul.
  3512 | D:4      | Noticed an ogre
  3518 | D:4      | Killed an ogre
  3518 | D:4      | Reached skill level 6 in Axes
  3518 | D:4      | Reached XP level 6. HP: 55/55 MP: 5/5
  3612 | D:4      | Reached skill level 5 in Fighting
  3816 | D:4      | Found a shattered altar of Ashenzari.
  3973 | D:4      | Reached XP level 7. HP: 50/61 MP: 6/6
  4123 | D:4      | Reached skill level 7 in Axes
  4435 | D:4      | Reached skill level 5 in Armour
  4795 | D:5      | Entered Level 5 of the Dungeon
  4843 | D:5      | Reached skill level 5 in Dodging
  4901 | D:5      | Reached XP level 8. HP: 67/70 MP: 7/7
  4926 | D:5      | Reached skill level 8 in Axes
  4994 | D:5      | Reached **** piety under Trog
  5512 | D:6      | Noticed Grinder
  5528 | D:6      | Killed Grinder
  5560 | D:6      | Reached skill level 9 in Axes
  5850 | D:6      | Noticed Prince Ribbit
  5863 | D:6      | Killed Prince Ribbit
  6093 | D:6      | Reached XP level 9. HP: 74/79 MP: 8/8
  6235 | D:6      | Noticed Duvessa
  6235 | D:6      | Noticed Dowan
  6240 | D:6      | Killed Duvessa
  6243 | D:6      | Killed Dowan
  6487 | D:6      | Reached skill level 10 in Axes
  6629 | D:7      | Found a staircase to the Ecumenical Temple.
  6642 | Temple   | Entered the Ecumenical Temple
  7051 | D:7      | Found Rotaw's Jewellery Boutique.
  7293 | D:7      | Found a glowing silver altar of Zin.
  7293 | D:7      | Noticed an angel
  7363 | D:7      | Reached skill level 11 in Axes
  7630 | D:8      | Noticed Maurice
  7645 | D:8      | Killed Maurice
  7645 | D:8      | Reached XP level 10. HP: 84/90 MP: 9/9
  7827 | D:8      | Noticed Grum
  7843 | D:8      | Mangled by Grum

Skill      XL: |  1  2  3  4  5  6  7  8  9 |
---------------+----------------------------+-----
Axes           | 4 5 6 7 9 11 | 11.6
Fighting       | 4 5 6 7 8 |  8.8
Armour         | 3 4 5 6 8 |  8.4
Dodging        | 3 4 5 6 7 |  7.6

Action                   |  1- 3 |  4- 6 |  7- 9 | 10-12 || total
-------------------------+-------+-------+-------+-------++-------
Melee: Hand axe          |   116 |    90 |    82 |       ||   288
       Headbutt          |    23 |    17 |    44 |     7 ||    91
       War axe           |       |       |   157 |    42 ||   199
Invok: Berserk           |       |     2 |       |       ||     2
       Trog's Hand       |       |     1 |     2 |     1 ||     4
  Use: Scroll            |     2 |     6 |     8 |     1 ||    17
 Stab: Sleeping          |     1 |       |       |       ||     1
  Eat: Chunk             |     3 |     7 |    11 |     1 ||    22
       Ration            |       |     1 |       |       ||     1
Armor: Animal skin       |    17 |    15 |       |       ||    32
       Chain mail        |       |     5 |    95 |    35 ||   135
Dodge: Dodged            |    73 |    67 |    98 |    39 ||   277
